 Dungeon Sprint DCSS version 0.31-a0-700-gf13585253f (webtiles) character file.

Game seed: 11681666237504981357

4103 sircluck the Grappler (level 10, -9/115 HPs)
             Began as a Troll Berserker on Sept 7, 2023.
             Was a High Priest of Trog.
             Mangled by a redback (10 damage)
             ... in the Dungeon (Sprint I: "Red Sonja").
             The game lasted 00:02:48 (511 turns).

sircluck the Grappler (Troll Berserker)              Turns: 511, Time: 00:02:48

Health: -9/115     AC:  6    Str: 31    XL:     10   Next: 6%
Magic:  0/9        EV: 13    Int:  3    God:    Trog [*****.]
Gold:   577        SH:  0    Dex:  9    Spells: 9/9 levels left

rFire   . .          .
                       - Unarmed
rCold   . . .        (no shield)
rNeg    . . .        a - +0 animal skin
rPois   .            l - +2 hat of the Bear Spirit {Spirit, Bear, *Rage Will++}
rElec   .            (no cloak)
rCorr   .            (gloves unavailable)
SInv    .            (boots unavailable)
Will    ++...        (no amulet)
Stlth   +            (no ring)
HPRegen 1.19/turn    (no ring)
MPRegen 0.11/turn

%: no teleportation, random rage (20%), guardian spirit
@: lethally poisoned (-9 -> -53), on berserk cooldown, slowed, very slow
A: large, unfitting armour, claws 3, regeneration 1, shaggy fur 1, tough skin 1
a: Renounce Religion, Berserk, Trog's Hand, Brothers in Arms


You were in the Dungeon.
You worshipped Trog.
Trog was extremely pleased with you.
You visited 1 branch You collected 926 gold pieces.
You spent 349 gold pieces at shops.

Inventory:

Missiles
 i - 5 curare-tipped darts (quivered)
 k - 15 stones
Armour
 a - a +0 animal skin (worn)
 l - the +2 hat of the Bear Spirit (worn) {Spirit, Bear, *Rage Will++}
   (You bought it in a shop in the Dungeon)

   Bear:      Going berserk makes the wearer exceptionally tough, and they are
   slowed for a shorter time afterward.
   Will++:    It greatly increases your willpower.
   *Rage:     It berserks you when you make melee attacks (+20% chance).
Wands
 h - a wand of roots (14)
Scrolls
 g - a scroll of blinking
Potions
 b - 5 potions of curing
 c - 2 potions of heal wounds
 d - a potion of haste
 e - 2 potions of magic
 f - a potion of berserk rage
 j - a potion of brilliance {unknown}


   Skills:
 + Level 12.0 Fighting
 + Level 11.8 Dodging
 + Level 13.9 Unarmed Combat


You had 9 spell levels left.
You didn't know any spells.
Your spell library was empty.

Dungeon Overview and Level Annotations

Branches:
Dungeon (1/1)

Altars:
Cheibriados
Dithmenos
Elyvilon
Fedhas
Gozag
Hepliaklqana
Kikubaaqudgha
Makhleb
Nemelex Xobeh
Okawaru
Qazlal
Ru
Sif Muna
Trog
Uskayaw
Vehumet
Wu Jian
Xom
Yredelemnul
Zin
The Shining One
Jiyva
Lugonu

Shops:
D [:[


Innate Abilities, Weirdness & Mutations

You are too large for most types of armour.
You have claws for hands.
Your natural rate of healing is unusually fast.
You are covered in fur. (AC +1)
You have tough skin. (AC +1)


Message History

You kill the redback!
Trog accepts your kill.
You feel very sick.
Your Fighting skill increases to level 12!
You feel extremely sick. The redback bites you.
You see here 27 gold pieces.
You feel a strong urge to attack something.
You feel very sick. The redback attacks as it pursues you!
The redback barely misses you.
You feel very sick.
You see here 27 gold pieces.
You feel your anger nearly subside.
You feel very sick. The redback attacks as it pursues you!
The redback bites you.
You are more poisoned.
The redback poisons you!
You are no longer berserk.
You are exhausted.
You feel yourself slow down.
You feel extremely sick.
You see here 27 gold pieces.
You claw the redback!
The redback is almost dead.
You feel extremely sick. The redback bites you! x2
You are lethally poisoned!
The redback poisons you!
You barely miss the redback.
The redback is almost dead.
* * * LOW HITPOINT WARNING * * *
You feel extremely sick. The redback bites you!
* * * LOW HITPOINT WARNING * * *
You barely miss the redback.
The redback is almost dead.
* * * LOW HITPOINT WARNING * * *
You feel extremely sick. The redback bites you. The redback bites you!
You die...

##'#_.+~~~.§'†.#
.'..._#§~~).#..#
##_.#'##§#####'###
###)#)#..[[###§'$#
###.####'###.###$#
.'...'†....'.∩##§#
##...###########$#
###.### #s#
#.#'#.# +@#
#.....# #§#
#.[.:.# #§#
####### +§#


You could see a redback.

Vanquished Creatures
  2 centaur warriors (D)
  Sonja (D)
  A deep troll (D)
  An oklob plant (D)
  2 kobold demonologists (D)
  A hornet (D)
  A slime creature (D)
  Sigmund (D)
  A yak (D)
  A redback (D)
  A floating eye (D)
  An ogre (D)
  A jelly (D)
  Ijyb (D)
16 creatures vanquished.

Vanquished Creatures (others)
  2 ballistomycete spores (D)
2 creatures vanquished.

Grand Total: 18 creatures vanquished

Notes
Turn   | Place    | Note
-------+----------+-------------------------------------------
     0 | D        | sircluck the Troll Berserker began the quest for the Orb.
     0 | D        | Reached XP level 1. HP: 22/22 MP: 0/0
     1 | D        | Noticed Ijyb
     9 | D        | Killed Ijyb
    10 | D        | Reached skill level 4 in Unarmed Combat
    10 | D        | Reached XP level 2. HP: 26/31 MP: 1/1
    15 | D        | Noticed an ogre
    19 | D        | Killed an ogre
    20 | D        | Reached skill level 5 in Fighting
    20 | D        | Reached skill level 5 in Dodging
    20 | D        | Reached skill level 6 in Unarmed Combat
    20 | D        | Reached XP level 3. HP: 42/42 MP: 2/2
    20 | D        | Reached XP level 4. HP: 50/50 MP: 3/3
    32 | D        | Noticed Sigmund
    50 | D        | Killed Sigmund
    50 | D        | Reached ** piety under Trog
    51 | D        | Reached skill level 7 in Unarmed Combat
    51 | D        | Reached XP level 5. HP: 32/61 MP: 4/4
    51 | D        | Reached XP level 6. HP: 36/68 MP: 5/5
    91 | D        | Found an ornate altar of the Wu Jian Council.
    91 | D        | Found a shimmering blue altar of Sif Muna.
    93 | D        | Found a radiant altar of Vehumet.
    99 | D        | Reached skill level 8 in Unarmed Combat
   131 | D        | Found Oclouno's Book Emporium.
   131 | D        | Found an ancient bone altar of Kikubaaqudgha.
   131 | D        | Found a hazy altar of Hepliaklqana.
   131 | D        | Found a hide-covered altar of Uskayaw.
   131 | D        | Found a basalt altar of Yredelemnul.
   131 | D        | Found an opulent altar of Gozag.
   131 | D        | Found a snail-covered altar of Cheibriados.
   131 | D        | Found a sacrificial altar of Ru.
   131 | D        | Found a shadowy altar of Dithmenos.
   131 | D        | Noticed a yak
   136 | D        | Killed a yak
   148 | D        | Found a stormy altar of Qazlal.
   148 | D        | Found a blossoming altar of Fedhas.
   148 | D        | Found a bloodstained altar of Trog.
   148 | D        | Found an iron altar of Okawaru.
   148 | D        | Found a glowing golden altar of the Shining One.
   148 | D        | Found a glowing silver altar of Zin.
   148 | D        | Found a white marble altar of Elyvilon.
   149 | D        | Found a sparkling altar of Nemelex Xobeh.
   164 | D        | Found a burning altar of Makhleb.
   164 | D        | Found a viscous altar of Jiyva.
   164 | D        | Found a shimmering altar of Xom.
   164 | D        | Found a corrupted altar of Lugonu.
   164 | D        | Noticed a slime creature
   172 | D        | Killed a slime creature
   172 | D        | Reached *** piety under Trog
   173 | D        | Reached skill level 9 in Unarmed Combat
   173 | D        | Reached XP level 7. HP: 12/80 MP: 6/6
   247 | D        | Noticed a kobold demonologist
   247 | D        | Noticed a kobold demonologist
   249 | D        | Noticed a ynoxinul
   251 | D        | Noticed an orange demon
   252 | D        | Noticed a hellwing
   252 | D        | Killed a kobold demonologist
   253 | D        | Reached skill level 10 in Unarmed Combat
   255 | D        | Killed a kobold demonologist
   255 | D        | Reached **** piety under Trog
   256 | D        | Reached XP level 8. HP: 69/92 MP: 7/7
   276 | D        | Noticed Sonja
   278 | D        | Killed Sonja
   279 | D        | Reached skill level 10 in Fighting
   279 | D        | Reached skill level 10 in Dodging
   279 | D        | Reached skill level 11 in Unarmed Combat
   333 | D        | Noticed a deep troll
   339 | D        | Killed a deep troll
   340 | D        | Reached skill level 12 in Unarmed Combat
   340 | D        | Reached XP level 9. HP: 35/102 MP: 8/8
   349 | D        | Found Xolie's Armour Emporium.
   402 | D        | Found Xoolor's Armour Boutique.
   410 | D        | Bought the +2 hat of the Bear Spirit {Spirit, Bear, *Rage
                  | Will++} for 349 gold pieces
   410 | D        | Found the +2 hat of the Bear Spirit {Spirit, Bear, *Rage
                  | Will++}
   436 | D        | Noticed a centaur warrior
   436 | D        | Noticed a centaur warrior
   441 | D        | Killed a centaur warrior
   441 | D        | Reached ***** piety under Trog
   442 | D        | Reached skill level 13 in Unarmed Combat
   444 | D        | Killed a centaur warrior
   483 | D        | Noticed an oklob plant
   487 | D        | Killed an oklob plant
   488 | D        | Reached XP level 10. HP: 107/115 MP: 7/9
   511 | D        | HP: 1/115 [poisoned by a redback]
   511 | D        | Mangled by a redback

Illustrated notes

Levels and vault maps discovered:
D:        dungeon_sprint_1 [red_sonja_temple_1, red_sonja_temple_small_1]

Skill      XL: |  1  2  3  4  5  6  7  8  9 10 |
---------------+-------------------------------+-----
Fighting       | 3 5 6 8 9 10 11 12 | 12.0
Dodging        | 3 5 6 7 9 10 11 | 11.8
Unarmed Combat | 4 6 7 9 10 12 13 | 13.9

Action                     |  1- 3 |  4- 6 |  7- 9 | 10-12 || total
---------------------------+-------+-------+-------+-------++-------
  Melee: Unarmed           |     9 |    23 |    25 |     8 ||    65
         Punch             |     1 |       |     3 |     1 ||     5
 Invoke: Berserk           |       |       |     1 |       ||     1
  Evoke: Wand              |     1 |       |       |       ||     1
 Armour: Animal skin       |     5 |    17 |    32 |    10 ||    64
  Dodge: Dodged            |     2 |     3 |    15 |     2 ||    22

Table legend: (Time is in decaauts)
 A = Elapsed time spent in this place.
 B = Non-inter-level travel time spent in this place.
 C = Inter-level travel time spent in this place.
 D = Time resting spent in this place.
 E = Time spent auto-exploring this place.
 F = Levels seen in this place.
 G = Mean time per level.
                   A        B        C        D        E       F      G
               +--------+--------+--------+--------+--------+-----+--------+
         Total |    506 |    481 |     25 |     50 |    128 |   1 |  506.0 |
       Dungeon |    506 |    481 |     25 |     50 |    128 |   1 |  506.0 |
               +--------+--------+--------+--------+--------+-----+--------+

Top non-repeatable levels by time:
       D: 506 daAuts
